Workbook
Name Constr: '24429'!$A$7
Name Constr: '24443'!$A$1
Name Constr: '24446'!#REF!
Name Constr: '24449'!#REF!
Name FOT: '24429'!$D$13
Name FOT: '24443'!$D$18
Name FOT: '24446'!$D$12
Name FOT: '24449'!$D$12
Name Ind: '24429'!$H$9
Name Ind: '24443'!#REF!
Name Ind: '24446'!#REF!
Name Ind: '24449'!#REF!
Name Obj: '24429'!#REF!
Name Obj: '24443'!$D$9
Name Obj: '24446'!$E$7
Name Obj: '24449'!$E$7
Name Obosn: '24429'!#REF!
Name Obosn: '24443'!$D$13
Name Obosn: '24446'!$D$10
Name Obosn: '24449'!$D$10
Name SmPr: '24429'!$D$12
Name SmPr: '24443'!$D$14
Name SmPr: '24446'!$D$11
Name SmPr: '24449'!$D$11
Name аааааппппппрррппппппп: #REF!
Name аараооооооооооооо: #REF!
Name автом: #REF!
Name алшрльоплварл: #REF!
Name аолвлддддддддддддддддввввввввв: #REF!
Name апарв: #REF!
Name апрлдджаоырыфрпопрлпрлпрлп: #REF!
Name арлггаджаш: #REF!
Name ароррбллтблпроорапииас: #REF!
Name арррррблллпдрлдддддддддд: #REF!
Name варпаааааааааа: #REF!
Name ввпьььььлднд: #REF!
Name вед: #REF!
Name вертикальная: #REF!
Name вертикплан: #REF!
Name волен: #REF!
Name вп: #REF!
Name впырпфдыпл: #REF!
Name впырпфдыпл: #REF!
Name впьглорьтитттттттттт: #REF!
Name всввввввввввввввввввввввввв: #REF!
Name выб: #REF!
Name выпуск: #REF!
Name выьлепвввввпмп: #REF!
Name еваопродолжэрщэрзшщщх: #REF!
Name измен: #REF!
Name итого: #REF!
Name итого: #REF!
Name итого_сантех: #REF!
Name итого_стр: #REF!
Name итого_строит: #REF!
Name итого_технол: #REF!
Name итого_электр: #REF!
Name квота: #REF!
Name кккккккккк: #REF!
Name корек: #REF!

Sheet 24429
A1: СОГЛАСОВАНО: | E1: ФГУП "Комбинат "Электрохимприбор" | M1: УТВЕРЖДАЮ:
G2: (наименование стройки) | M2: Зам.генерального директора
A3: _________________ | N3: Е.В. Гордеев
A4: " _____ " ________________ 2012 г. | M4: __________________
G5: ЛОКАЛЬНЫЙ СМЕТНЫЙ РАСЧЕТ № 24429 | M5: "______ " __________2012 г.
G6: (локальная смета)
C8: на | D8: реконструкцию. Столовая №11. Обеденный зал для VIP гостей
H9: (наименование работ и затрат, наименование объекта)
D11: Основание: проект №24239-12АР | N11: Справочно, в тыс.руб. :
D12: Сметная стоимость строительных работ _______________________________________________________________________________________________ | J12: ___________________________292,519 | L12: тыс. руб. | N12: с К=4,42 | P12: 1292.934
D13: Средства на оплату труда _______________________________________________________________________________________________ | J13: ___________________________35,611 | L13: тыс. руб. | N13: с К=4,42 | P13: 157.401
D14: Сметная трудоемкость _______________________________________________________________________________________________ | J14: _______________________________________________________________________________________________2625,31 | L14: чел.час
D15: Материалы ________________________________________________________ | K15: 197,554 тыс.руб. | N15: с К=4,42 | P15: 873.189
D16: Составлен(а) в базовых ценах 2001г. в редакции 2009г.
A18: № пп | B18: Обоснование | C18: Наименование | D18: Ед. изм. | E18: Кол. | F18: Стоимость единицы, руб. | J18: Общая стоимость, руб. | N18: Т/з осн. раб.на ед. | O18: Т/з осн. раб. Всего | P18: Т/з мех. на ед. | Q18: Т/з мех. Всего
F19: Всего | G19: В том числе | J19: Всего | K19: В том числе
G20: Осн.З/п | H20: Эк.Маш | I20: З/пМех | K20: Осн.З/п | L20: Эк.Маш | M20: З/пМех
A21: 1 | B21: 2 | C21: 3 | D21: 4 | E21: 5 | F21: 6 | G21: 7 | H21: 8 | I21: 9 | J21: 10 | K21: 11 | L21: 12 | M21: 13 | N21: 14 | O21: 15 | P21: 16 | Q21: 17
A22: Раздел 1. Разборка констукций
A23: 1 | B23: ТЕР09-03-040-01 | C23: Разборка металлического ограждения КОЭФ. К ПОЗИЦИИ: Прил.9.3 Разборка (демонтаж) металлических конструкций ОЗП=0,7; ЭМ=0,7 к расх.; ЗПМ=0,7; МАТ=0 к расх.; ТЗ=0,7; ТЗМ=0,7 | D23: 1 т конструкций | E23: 0.02 | F23: 875.96 | G23: 823.72 | H23: 52.24 | I23: 1.53 | J23: 18 | K23: 17 | L23: 1 | N23: 66 | O23: 1.32 | P23: 0.08
A24: 2 | B24: ТЕР46-04-006-03 | C24: Разборка обшивки из деревянных щитов стен | D24: 100 м2 | E24: 0.162 | F24: 587.7 | G24: 312.05 | H24: 275.65 | I24: 106.84 | J24: 95 | K24: 51 | L24: 44 | M24: 17 | N24: 29.3 | O24: 4.75 | P24: 6.84 | Q24: 1.11
A25: 3 | B25: ТЕР46-04-006-03 прим. | C25: Разборка деревянных ограждений щитовых дощатых | D25: 100 м2 | E25: 0.051 | F25: 587.7 | G25: 312.05 | H25: 275.65 | I25: 106.84 | J25: 30 | K25: 16 | L25: 14 | M25: 5 | N25: 29.3 | O25: 1.49 | P25: 6.84 | Q25: 0.35
A26: 4 | B26: ТЕР46-04-006-03 прим. | C26: Разборка ограждений радиаторов | D26: 100 м2 | E26: 0.193 | F26: 587.7 | G26: 312.05 | H26: 275.65 | I26: 106.84 | J26: 113 | K26: 60 | L26: 53 | M26: 21 | N26: 29.3 | O26: 5.65 | P26: 6.84 | Q26: 1.32
A27: 5 | B27: ТЕР15-04-029-04 | C27: Разборка декоративного покрытия из ткани: стен КОЭФ. К ПОЗИЦИИ: разборка ОЗП=0,8; ЭМ=0,8 к расх.; ЗПМ=0,8; МАТ=0 к расх.; ТЗ=0,8; ТЗМ=0,8 | D27: 100 м2 | E27: 1.77 | F27: 185.62 | G27: 174.5 | H27: 11.12 | I27: 0.25 | J27: 329 | K27: 309 | L27: 20 | N27: 13.82 | O27: 24.46 | P27: 0.02 | Q27: 0.04
A28: 6 | B28: ТЕР15-02-037-01 | C28: Разборка каркаса при отделке стен КОЭФ. К ПОЗИЦИИ: разборка ОЗП=0,8; ЭМ=0,8 к расх.; ЗПМ=0,8; МАТ=0 к расх.; ТЗ=0,8; ТЗМ=0,8 | D28: 100 м2 | E28: 1.77 | F28: 267.7 | G28: 258.59 | H28: 9.11 | I28: 2.62 | J28: 474 | K28: 458 | L28: 16 | M28: 5 | N28: 19.98 | O28: 35.36 | P28: 0.17 | Q28: 0.3
A29: 7 | B29: ТЕР46-02-009-02 | C29: Отбивка штукатурки с поверхностей стен | D29: 100 м2 | E29: 1.14 | F29: 250.79 | G29: 250.79 | J29: 286 | K29: 286 | N29: 22.82 | O29: 26.01
A30: 8 | B30: ТЕРр57-2-3 | C30: Разборка покрытий полов из керамических плиток | D30: 100 м2 покрытия | E30: 0.189 | F30: 897.17 | G30: 839.14 | H30: 58.03 | I30: 22.49 | J30: 170 | K30: 159 | L30: 11 | M30: 4 | N30: 69.87 | O30: 13.21 | P30: 1.44 | Q30: 0.27
A31: 9 | B31: ТЕР46-04-011-02 | C31: Разборка покрытий полов из мраморных плит | D31: 100 м2 покрытия | E31: 0.41 | F31: 541.99 | G31: 464.41 | H31: 77.58 | I31: 7.19 | J31: 222 | K31: 190 | L31: 32 | M31: 3 | N31: 36.77 | O31: 15.08 | P31: 0.46 | Q31: 0.19
A32: 10 | B32: ТЕР46-04-010-03 | C32: Разборка покрытий полов паркетных | D32: 100 м2 покрытия | E32: 0.536 | F32: 576.58 | G32: 505.65 | H32: 70.93 | I32: 27.49 | J32: 309 | K32: 271 | L32: 38 | M32: 15 | N32: 46.01 | O32: 24.66 | P32: 1.76 | Q32: 0.94
A33: 11 | B33: ТЕРр63-10-2 | C33: Разборка облицовки из гипсокартонных листов (ДВП) потолков | D33: 100 м2 облицовки | E33: 0.536 | F33: 124.65 | G33: 116.59 | H33: 8.06 | I33: 3.12 | J33: 67 | K33: 63 | L33: 4 | M33: 2 | N33: 9.58 | O33: 5.13 | P33: 0.2 | Q33: 0.11
A34: 12 | B34: ТЕРр63-10-1 прим. | C34: Разборка облицовки из ЦСП стен и перегородок | D34: 100 м2 облицовки | E34: 0.04 | F34: 97.02 | G34: 88.96 | H34: 8.06 | I34: 3.12 | J34: 4 | K34: 4 | N34: 7.31 | O34: 0.29 | P34: 0.2 | Q34: 0.01
A35: 13 | B35: ТЕР46-04-007-06 | C35: Разборка деревянных подвесных потолков из плит акмигран | D35: 100 м2 | E35: 0.153 | F35: 902.47 | G35: 813.81 | H35: 88.66 | I35: 34.36 | J35: 138 | K35: 125 | L35: 13 | M35: 5 | N35: 66.87 | O35: 10.23 | P35: 2.2 | Q35: 0.34
A36: 14 | B36: ТЕР46-04-012-03 | C36: Разборка деревянных заполнений проемов дверных | D36: 100 м2 | E36: 0.092 | F36: 1496.49 | G36: 1184.57 | H36: 311.92 | I36: 120.9 | J36: 138 | K36: 109 | L36: 29 | M36: 11 | N36: 103.91 | O36: 9.56 | P36: 7.74 | Q36: 0.71
A37: 15 | B37: ТЕР09-03-030-01 | C37: Разборка металлических вешалок КОЭФ. К ПОЗИЦИИ: Прил.9.3 Разборка (демонтаж) металлических конструкций ОЗП=0,7; ЭМ=0,7 к расх.; ЗПМ=0,7; МАТ=0 к расх.; ТЗ=0,7; ТЗМ=0,7 | D37: 1 т конструкций | E37: 0.04 | F37: 882.36 | G37: 354.44 | H37: 527.92 | I37: 60.26 | J37: 35 | K37: 14 | L37: 21 | M37: 2 | N37: 27.39 | O37: 1.1 | P37: 3.3 | Q37: 0.13
A38: 16 | B38: ТЕР09-06-024-01 | C38: Разборка декоративной решетки камина КОЭФ. К ПОЗИЦИИ: Прил.9.3 Разборка (демонтаж) металлических конструкций ОЗП=0,7; ЭМ=0,7 к расх.; ЗПМ=0,7; МАТ=0 к расх.; ТЗ=0,7; ТЗМ=0,7 | D38: 1 т конструкций | E38: 0.03 | F38: 705.37 | G38: 202.6 | H38: 502.77 | I38: 37.58 | J38: 21 | K38: 6 | L38: 15 | M38: 1 | N38: 14.95 | O38: 0.45 | P38: 2.07 | Q38: 0.06
A39: 17 | B39: СЦП1-1-27-А | C39: Погрузочные работы при автомобильных перевозках: мусор строительный КОЭФ. К ПОЗИЦИИ: Коэффициент техн.часть п.3 ПЗ=1,025 (ОЗП=1,025; ЭМ=1,025 к расх.; ЗПМ=1,025; МАТ=1,025 к расх.; ТЗ=1,025; ТЗМ=1,025) | D39: т | E39: 18.89 | F39: 2.77 | G39: 2.77 | J39: 52 | K39: 52
A40: 18 | B40: СЦП3-3-40-1 | C40: Перевозка грузов (грунта и мусора) автомобилями-самосвалами (работающими вне карьеров): расстояние 40 км, класс груза I КОЭФ. К ПОЗИЦИИ: 17 При перевозке грузов к провозной плате (тарифам) применять поправочный коэффициент ПЗ=1,37 (ОЗП=1,37; ЭМ=1,37 к расх.; ЗПМ=1,37; МАТ=1,37 к расх.; ТЗ=1,37; ТЗМ=1,37) | D40: т | E40: 18.89 | F40: 52.85 | H40: 52.85 | J40: 998 | L40: 998
A41: Раздел 2. Общестроительные работы
A42: Стены, перегородки
A43: 19 | B43: ТЕРр53-20-4 | C43: Кладка отдельных участков из кирпича внутренних стен | D43: 100 м3 кладки | E43: 0.003 | F43: 73520.24 | G43: 7912.7 | H43: 9982.44 | I43: 709.8 | J43: 221 | K43: 24 | L43: 30 | M43: 2 | N43: 670 | O43: 2.01 | P43: 39 | Q43: 0.12
A44: 20 | B44: ТЕР10-05-011-02 | C44: Устройство подвесных потолков из гипсокартонных листов (ГКЛ) по системе «КНАУФ» одноуровневых (П 113) | D44: 100 м2 потолка | E44: 0.186 | F44: 11758 | G44: 1239.66 | H44: 34.51 | J44: 2187 | K44: 231 | L44: 6 | N44: 97 | O44: 18.04
A45: 21 | B45: ТЕР10-05-011-01 | C45: Устройство подвесных потолков из гипсокартонных листов (ГКЛ) по системе «КНАУФ» двухуровневых (П 112) | D45: 100 м2 потолка | E45: 0.651 | F45: 11669.07 | G45: 1175.76 | H45: 18.95 | J45: 7597 | K45: 765 | L45: 12 | N45: 92 | O45: 59.89
A46: 22 | B46: ТСЦ-201-8187 | C46: Подвесы с зажимом усиленные для подвесного потолка к профилю 60х27 мм | D46: шт. | E46: 108 | F46: 3.13 | J46: 338
A47: 23 | B47: ТЕР10-05-002-01 | C47: Устройство перегородок из гипсокартонных листов (ГКЛ) по системе «КНАУФ» с одинарным металлическим каркасом и двухслойной обшивкой с обеих сторон (С 112) глухих | D47: 100 м2 перегородок | E47: 0.22 | F47: 22851.51 | G47: 1686.96 | H47: 23.56 | J47: 5027 | K47: 371 | L47: 5 | N47: 132 | O47: 29.04
A48: 24 | B48: ТЕР10-05-001-01 | C48: Устройство перегородок из гипсокартонных листов (ГКЛ) по системе «КНАУФ» с одинарным металлическим каркасом и однослойной обшивкой с обеих сторон (С 111) глухих | D48: 100 м2 перегородок | E48: 0.038 | F48: 15050.65 | G48: 1252.44 | H48: 51.19 | J48: 572 | K48: 48 | L48: 2 | N48: 98 | O48: 3.72
A49: 25 | B49: ТЕР10-05-009-02 | C49: Облицовка стен по системе «КНАУФ» по одинарному металлическому каркасу из ПН и ПС профилей гипсокартонными листами в один слой (С 625) | D49: 100 м2 стен | E49: 0.107 | F49: 11182.06 | G49: 856.26 | H49: 21.26 | J49: 1196 | K49: 92 | L49: 2 | N49: 67 | O49: 7.17
A50: 26 | B50: ТЕР10-05-010-02 | C50: Облицовка стен по системе «КНАУФ» по одинарному металлическому каркасу из ПН и ПС профилей гипсокартонными листами в два слоя (С 626) | D50: 100 м2 стен | E50: 0.05 | F50: 15405.34 | G50: 1073.52 | H50: 22.64 | J50: 770 | K50: 54 | L50: 1 | N50: 84 | O50: 4.2
A51: 27 | B51: ТЕР20-02-002-01 | C51: Установка ревизионных люков площадью в свету до 0,5 м2 | D51: 1 шт. | E51: 3 | F51: 24.67 | G51: 18.44 | H51: 2.94 | J51: 74 | K51: 55 | L51: 9 | N51: 1.46 | O51: 4.38
A52: 28 | B52: Цена поставщика | C52: Люк ревизионный 20х20см (цена: 280:4,42:1,18*1,02=54,76) | D52: шт. | E52: 3 | F52: 54.76 | J52: 164
A53: Отделочные работы
A54: 29 | B54: ТЕР08-07-002-01 | C54: Установка и разборка внутренних трубчатых инвентарных лесов при высоте помещений до 6 м (кухня) | D54: 100 м2 горизонтальной проекции | E54: 0.122 | F54: 1461.43 | G54: 854.33 | H54: 19.65 | J54: 178 | K54: 104 | L54: 2 | N54: 70.2 | O54: 8.56
A55: 30 | B55: ТЕР08-07-002-01 | C55: Установка и разборка внутренних трубчатых инвентарных лесов при высоте помещений до 6 м (обеденный зал) | D55: 100 м2 горизонтальной проекции | E55: 0.529 | F55: 1461.43 | G55: 854.33 | H55: 19.65 | J55: 773 | K55: 452 | L55: 10 | N55: 70.2 | O55: 37.14
A56: 31 | B56: ТЕР08-07-002-01 | C56: Установка и разборка внутренних трубчатых инвентарных лесов при высоте помещений до 6 м (холл) | D56: 100 м2 горизонтальной проекции | E56: 0.119 | F56: 1461.43 | G56: 854.33 | H56: 19.65 | J56: 174 | K56: 102 | L56: 2 | N56: 70.2 | O56: 8.35
A57: 32 | B57: ТЕР08-07-002-01 | C57: Установка и разборка внутренних трубчатых инвентарных лесов при высоте помещений до 6 м (лестничная клетка) | D57: 100 м2 горизонтальной проекции | E57: 0.145 | F57: 1461.43 | G57: 854.33 | H57: 19.65 | J57: 212 | K57: 124 | L57: 3 | N57: 70.2 | O57: 10.18
A58: 33 | B58: ТЕР15-02-016-03 | C58: Штукатурка поверхностей внутри здания цементно-известковым или цементным раствором по камню и бетону улучшенная стен | D58: 100 м2 оштукатуриваемой поверхности | E58: 0.021 | F58: 2722.42 | G58: 1137.38 | H58: 182.31 | I58: 78.56 | J58: 57 | K58: 24 | L58: 4 | M58: 2 | N58: 85.84 | O58: 1.8 | P58: 6.29 | Q58: 0.13
A59: 34 | B59: ТЕРр61-2-7 | C59: Ремонт штукатурки внутренних стен по камню и бетону цементно-известковым раствором, площадью отдельных мест до 1 м2 толщиной слоя до 20 мм | D59: 100 м2 отремонтированной поверхности | E59: 3.131 | F59: 4324.05 | G59: 2849.81 | H59: 27 | I59: 10.47 | J59: 13539 | K59: 8923 | L59: 85 | M59: 33 | N59: 228.35 | O59: 714.96 | P59: 0.67 | Q59: 2.1
A60: 35 | B60: ТЕР15-04-027-05 | C60: Дополнительная шпатлевка при нанесении декоративного покрытия по штукатурке и сборным конструкциям стен | D60: 100 м2 окрашиваемой поверхности | E60: 1.685 | F60: 504.98 | G60: 160.67 | H60: 3.68 | I60: 0.16 | J60: 851 | K60: 271 | L60: 6 | N60: 11.99 | O60: 20.2 | P60: 0.01 | Q60: 0.02
A61: 36 | B61: ТЕР15-04-048-08 прим. | C61: Отделка стен внутри помещений мелкозернистыми декоративными покрытиями из минеральных или полимерминеральных пастовых составов на латексной основе по подготовленной поверхности, состав с наполнителем из крупнозернистого минерала (размер зерна до 5 мм) | D61: 100 м2 | E61: 1.685 | F61: 12364.11 | G61: 932.36 | H61: 58.91 | I61: 1.09 | J61: 20834 | K61: 1571 | L61: 99 | M61: 2 | N61: 63.04 | O61: 106.22 | P61: 0.07 | Q61: 0.12
A62: 37 | B62: ТЕР15-04-027-05 | C62: Шпатлевка при высококачественной окраске по штукатурке и сборным конструкциям стен (обеденный зал и кухня) | D62: 100 м2 окрашиваемой поверхности | E62: 1.21 | F62: 504.98 | G62: 160.67 | H62: 3.68 | I62: 0.16 | J62: 611 | K62: 194 | L62: 4 | N62: 11.99 | O62: 14.51 | P62: 0.01 | Q62: 0.01
A63: 38 | B63: ТЕР15-06-001-02 | C63: Оклейка обоями стен по монолитной штукатурке и бетону тиснеными и плотными | D63: 100 м2 оклеиваемой и обиваемой поверхности | E63: 0.812 | F63: 770.4 | G63: 600.02 | H63: 1.49 | I63: 0.16 | J63: 626 | K63: 487 | L63: 1 | N63: 46.95 | O63: 38.12 | P63: 0.01 | Q63: 0.01
A64: 39 | B64: Цена поставщика | C64: Обои, 5 м2 (цена: 3000:4,42:1,18*1,02=586,70) | D64: 1рулон | E64: 19 | F64: 586.7 | J64: 11147
A65: 40 | B65: ТЕР15-04-027-06 | C65: Шпатлевка при высококачественной окраске по штукатурке и сборным конструкциям потолков, подготовленных под окраску | D65: 100 м2 окрашиваемой поверхности | E65: 1.167 | F65: 566.5 | G65: 221.1 | H65: 4.77 | I65: 0.16 | J65: 661 | K65: 258 | L65: 6 | N65: 16.5 | O65: 19.26 | P65: 0.01 | Q65: 0.01
A66: 41 | B66: ТСЦ-101-2439 | C66: Шпаклевка «Фугенфюллер ГВ» из расчета 0,3 кг на 1 м2 | D66: кг | E66: 121.86 | F66: 5 | J66: 609
A67: 42 | B67: ТЕР15-04-006-03 | C67: Покрытие поверхностей грунтовкой глубокого проникновения за 1 раз стен | D67: 100 м2 покрытия | E67: 2.895 | F67: 90.44 | G67: 88.75 | H67: 1.49 | I67: 0.16 | J67: 262 | K67: 257 | L67: 4 | N67: 6.55 | O67: 18.96 | P67: 0.01 | Q67: 0.03
A68: 43 | B68: ТЕР15-04-006-01 | C68: Покрытие поверхностей грунтовкой глубокого проникновения за 1 раз потолков | D68: 100 м2 покрытия | E68: 1.167 | F68: 111.45 | G68: 109.76 | H68: 1.49 | I68: 0.16 | J68: 130 | K68: 128 | L68: 2 | N68: 8.1 | O68: 9.45 | P68: 0.01 | Q68: 0.01
A69: 44 | B69: ТСЦ-101-2787 | C69: Грунтовка акриловая глубокого проникновения (из расчета 150г/м2) | D69: кг | E69: 61 | F69: 30.48 | J69: 1859
A70: 45 | B70: ТЕР15-04-005-07 | C70: Окраска поливинилацетатными водоэмульсионными составами высококачественная по штукатурке стен | D70: 100 м2 окрашиваемой поверхности | E70: 0.398 | F70: 2000.37 | G70: 931.56 | H70: 23.04 | I70: 0.47 | J70: 796 | K70: 371 | L70: 9 | N70: 68.75 | O70: 27.36 | P70: 0.03 | Q70: 0.01
A71: 46 | B71: ТЕР15-04-005-10 | C71: Окраска поливинилацетатными водоэмульсионными составами высококачественная по сборным конструкциям потолков | D71: 100 м2 окрашиваемой поверхности | E71: 1.167 | F71: 1625.3 | G71: 757.17 | H71: 16.09 | I71: 0.31 | J71: 1897 | K71: 884 | L71: 19 | N71: 55.88 | O71: 65.21 | P71: 0.02 | Q71: 0.02
A72: 47 | B72: ТСЦ-101-0335 | C72: Краски водно-дисперсионные акрилатные ВД-АК-111 | D72: т | E72: 0.1056 | F72: 33000 | J72: 3485
A73: 48 | B73: ТЕР07-05-016-03 | C73: Устройство металлических ограждений с поручнями из поливинилхлорида | D73: 100 м ограждения | E73: 0.16 | F73: 29982.17 | G73: 832.23 | H73: 331.65 | I73: 6.4 | J73: 4797 | K73: 133 | L73: 53 | M73: 1 | N73: 62.81 | O73: 10.05 | P73: 0.41 | Q73: 0.07
A74: 49 | B74: Цена поставщика | C74: Поручень поливинилхлоридный, длина 4м, диаметр 50мм (цена: 2200:4,42:1,18*1,02=430,25) | D74: шт. | E74: 4 | F74: 430.25 | J74: 1721
A75: 50 | B75: ТЕР15-04-030-04 | C75: Масляная окраска металлических поверхностей решеток, переплетов, труб диаметром менее 50 мм и т.п., количество окрасок 2 | D75: 100 м2 окрашиваемой поверхности | E75: 0.014 | F75: 1384.09 | G75: 886.83 | H75: 3.68 | I75: 0.16 | J75: 19 | K75: 12 | N75: 71.06 | O75: 0.99 | P75: 0.01
A76: 51 | B76: ТЕР15-01-019-01 | C76: Гладкая облицовка стен, столбов, пилястр и откосов на цементном растворе по кирпичу и бетону | D76: 100 м2 | E76: 0.291 | F76: 3946.3 | G76: 2950.32 | H76: 36.49 | I76: 13.43 | J76: 1148 | K76: 859 | L76: 11 | M76: 4 | N76: 228 | O76: 66.35 | P76: 0.86 | Q76: 0.25
A77: 52 | B77: Цена поставщика | C77: Керамическая плитка "ITALON Screen". Цена: 1170:4,42:1,18*1,02=228,81 | D77: м2 | E77: 29.1 | F77: 228.81 | J77: 6658
A78: 53 | B78: ТЕР11-01-011-01 | C78: Устройство стяжек цементных толщиной 20 мм | D78: 100 м2 стяжки | E78: 1.137 | F78: 1959.54 | G78: 442.12 | H78: 56.26 | I78: 19.84 | J78: 2228 | K78: 503 | L78: 64 | M78: 23 | N78: 39.51 | O78: 44.92 | P78: 1.27 | Q78: 1.44
A79: 54 | B79: ТЕР11-01-011-02 | C79: Устройство стяжек на каждые 5 мм изменения толщины стяжки добавлять или исключать к расценке 11-01-011-01 КОЭФ. К ПОЗИЦИИ: новый коэффициент ПЗ=2 (ОЗП=2; ЭМ=2 к расх.; ЗПМ=2; МАТ=2 к расх.; ТЗ=2; ТЗМ=2) | D79: 100 м2 стяжки | E79: 1.137 | F79: 752.76 | G79: 11.2 | H79: 19.52 | I79: 6.56 | J79: 856 | K79: 13 | L79: 22 | M79: 7 | N79: 1 | O79: 1.14 | P79: 0.42 | Q79: 0.48
A80: 55 | B80: ТЕР11-01-041-01 | C80: Установка плинтусов из агломраморных плит | D80: 1 м2 плинтусов | E80: 4.5 | F80: 425.39 | G80: 131.69 | H80: 1.09 | J80: 1914 | K80: 593 | L80: 5 | N80: 8.54 | O80: 38.43
A81: 56 | B81: ТЕР11-01-031-01 прим. | C81: Устройство покрытий из агломраморных плит | D81: 100 м2 покрытия | E81: 0.563 | F81: 39317.33 | G81: 2075.33 | H81: 232.97 | I81: 53.93 | J81: 22136 | K81: 1168 | L81: 131 | M81: 30 | N81: 172.8 | O81: 97.29 | P81: 3.6 | Q81: 2.03
A82: 57 | B82: ТЕР15-01-010-01 | C82: Облицовка ступеней и подступенников агломраморными плитами | D82: 100 м2 | E82: 0.121 | F82: 73270.77 | G82: 9322.5 | H82: 132.89 | I82: 39.99 | J82: 8866 | K82: 1128 | L82: 16 | M82: 5 | N82: 621.5 | O82: 75.2 | P82: 2.56 | Q82: 0.31
A83: 58 | B83: ТСЦ-101-3189 | C83: Клей для плитки Ветонит "Клей для мраморной плитки" (расход 3,5кг/м2) | D83: т | E83: 0.255 | F83: 11550.54 | J83: 2945
A84: 59 | B84: Цена поставщика | C84: Агломраморная плитка 600х600х10 (цена: 1200:4,42:1,18*1,02=234,68) | D84: м2 | E84: 56.2 | F84: 234.68 | J84: 13189
A85: 60 | B85: Цена поставщика | C85: Ступень агломрамор 1200х300х20 (цена: 1200:4,42:1,18*1,02=234,68) | D85: шт. | E85: 23 | F85: 234.68 | J85: 5398
A86: 61 | B86: Цена поставщика | C86: Подступенок агломрамор 1200х140х10 (цена: 600:4,42:1,18*1,02=117,34) | D86: шт. | E86: 23 | F86: 117.34 | J86: 2699
A87: 62 | B87: Цена поставщика | C87: Плинтус агломрамор 300х150х10 (цена: 200:4,42:1,18*1,02=39,11) | D87: шт. | E87: 46 | F87: 39.11 | J87: 1799
A88: 63 | B88: Цена поставщика | C88: Плинтус агломрамор 600х100х10 (цена: 390:4,42:1,18*1,02=76,27) | D88: шт. | E88: 75 | F88: 76.27 | J88: 5720
A89: 64 | B89: ТЕР11-01-040-01 | C89: Устройство плинтусов поливинилхлоридных на клее КН-2 | D89: 100 м плинтуса | E89: 0.14 | F89: 626.51 | G89: 123.7 | H89: 3.28 | J89: 88 | K89: 17 | N89: 8.99 | O89: 1.26
A90: 65 | B90: ТЕР11-01-027-06 | C90: Устройство покрытий из плиток керамических для полов одноцветных | D90: 100 м2 покрытия | E90: 0.039 | F90: 10157.72 | G90: 1475.69 | H90: 181.39 | I90: 62.67 | J90: 396 | K90: 58 | L90: 7 | M90: 2 | N90: 119.78 | O90: 4.67 | P90: 4.22 | Q90: 0.16
A91: 66 | B91: ТЕР26-01-055-02 | C91: Установка гидроизоляционного слоя из пленки полиэтиленовой | D91: 100 м2 поверхности покрытия изоляции | E91: 0.122 | F91: 2146.63 | G91: 176.92 | H91: 27.29 | J91: 262 | K91: 22 | L91: 3 | N91: 14.36 | O91: 1.75
A92: 67 | B92: ТЕР11-01-037-05 | C92: Устройство покрытий из готовых ковров насухо на комнату | D92: 100 м2 покрытия | E92: 0.536 | F92: 280.59 | G92: 211.9 | H92: 68.69 | I92: 5.47 | J92: 150 | K92: 114 | L92: 36 | M92: 3 | N92: 17.2 | O92: 9.22 | P92: 0.35 | Q92: 0.19
A93: 68 | B93: Цена поставщика | C93: Ковровое покрытие для кафе и ресторанов "DESSO HINT" (цена: 1200:1,18:4,42*1,02=234.68) | D93: м2 | E93: 54.67 | F93: 234.68 | J93: 12830
A94: 69 | B94: ТСЦ-101-2167 прим. | C94: Подложка под ковровое покрытие из экструдированного пенополистирола, толщина 2мм | D94: м3 | E94: 0.107 | F94: 1046.1 | J94: 112
A95: 70 | B95: Цена поставщика | C95: Покрытие грязезащтное (цена: 13200:4,42:1,18*1,02=2581,47 ) | D95: м2 | E95: 1.5 | F95: 2581.47 | J95: 3872
A96: 71 | B96: ТЕР10-01-059-01 прим. | C96: Установка столешницы для умывальника | D96: 100 шт. изделий | E96: 0.01 | F96: 3440.78 | G96: 848.44 | H96: 339.37 | I96: 27.02 | J96: 34 | K96: 8 | L96: 3 | N96: 75.15 | O96: 0.75 | P96: 1.73 | Q96: 0.02
A97: 72 | B97: Цена поставщика | C97: Столешница толщиной 60мм (цена: 3500:4,42:1,18*1,02=684,49) | D97: шт. | E97: 1 | F97: 684.49 | J97: 684
A98: Работы с декоративными элементами ORAC DECKOR
A99: 73 | B99: ТЕР15-03-001-02 | C99: Установка погонных деталей орнаментированных, плоских, выпуклых, рельефных, простого или сложного рисунка (порезки, пояса, фризы, капли и т.п.) высотой до 250 мм КОЭФ. К ПОЗИЦИИ: новый коэффициент МАТ=0 к расх. | D99: 100 м деталей | E99: 0.5 | F99: 840.16 | G99: 793.53 | H99: 46.63 | I99: 4.06 | J99: 420 | K99: 397 | L99: 23 | M99: 2 | N99: 64.41 | O99: 32.21 | P99: 0.26 | Q99: 0.13
A100: 74 | B100: Цена поставщика | C100: Декоративный элемент Р7040, длина 2м (цена: 726:4,42:1,18*1,02=141,98) | D100: шт. | E100: 13 | F100: 141.98 | J100: 1846
A101: 75 | B101: Цена поставщика | C101: Декоративный элемент SX137, длина 2м (цена: 468:4,42:1,18*1,02=91,53) | D101: шт. | E101: 13 | F101: 91.53 | J101: 1190
A102: 76 | B102: ТЕР15-03-001-01 | C102: Установка погонных деталей орнаментированных, плоских, выпуклых, рельефных, простого или сложного рисунка (порезки, пояса, фризы, капли и т.п.) высотой до 100 мм КОЭФ. К ПОЗИЦИИ: новый коэффициент МАТ=0 к расх. | D102: 100 м деталей | E102: 0.75 | F102: 384.28 | G102: 361.96 | H102: 22.32 | I102: 1.72 | J102: 288 | K102: 271 | L102: 17 | M102: 1 | N102: 29.38 | O102: 22.04 | P102: 0.11 | Q102: 0.08
A103: 77 | B103: Цена поставщика | C103: Декоративный элемент Р2020, длина 2м (цена: 526:4,42:1,18*1,02=102,87) | D103: шт. | E103: 17 | F103: 102.87 | J103: 1749
...

Sheet 24443
A1: СОГЛАСОВАНО: | E1: ФГУП "Комбинат "Электрохимприбор" | M1: УТВЕРЖДАЮ:
G2: (наименование стройки) | M2: Зам. генерального директора
M3: Е.В.Гордеев
A4: _________________ | M4: _________________
A5: " _____ " ________________ 2012 г. | M5: "______ " __________2012 г.
G6: ЛОКАЛЬНЫЙ СМЕТНЫЙ РАСЧЕТ № 24443
G7: (локальная смета)
D9: на Реконструкцию. Столовая 11.
D10: Электроснабжение обеденного зала для VIP гостей.
G11: (наименование работ и затрат, наименование объекта)
D13: Основание: проект № 24294-12-ЭМ | N13: Справочно, в тыс.руб. :
D14: Сметная стоимость _______________________________________________________________________________________________ | J14: ___________________________85,236 | L14: тыс. руб. | N14: с К=4,42 | P14: =SUM(P15:P17) -> 374.6906
D15: строительных работ _______________________________________________________________________________________________ | J15: _______________________________________________________________________________________________3,348 | L15: тыс. руб. | N15: с К=4,42 | P15: =3.348*4.42 -> 14.79816
D16: монтажных работ _______________________________________________________________________________________________ | J16: _______________________________________________________________________________________________72,964 | L16: тыс. руб. | N16: с К=4,42 | P16: =72.964*4.42 -> 322.50088
D17: оборудования _______________________________________________________________________________________________ | J17: _______________________________________________________________________________________________8,924 | L17: тыс. руб. | N17: с К=4,19 | P17: =8.924*4.19 -> 37.39156
D18: Средства на оплату труда _______________________________________________________________________________________________ | J18: ___________________________9,000 | L18: тыс. руб. | N18: с К=4,42 | P18: =9*4.42 -> 39.78
D19: Сметная трудоемкость _______________________________________________________________________________________________ | J19: _______________________________________________________________________________________________529,38 | L19: чел.час
D20: Материалы ______________________________________ | K20: =K131/1000 -> 47.881 | L20: тыс.руб. | N20: с К=4,42 | P20: =K20*4.42 -> 211.63402
D21: Составлен(а) в базовых ценах 2001г. в редакции 2009г.
A23: № пп | B23: Обоснова-ние | C23: Наименование | D23: Ед. изм. | E23: Кол. | F23: Стоимость единицы, руб. | J23: Общая стоимость, руб. | O23: Т/з осн. раб.на ед. | P23: Т/з осн. раб. Всего | Q23: Общая масса обору-дования, т
F24: Всего | G24: В том числе | J24: Обору-дование | K24: Всего | L24: В том числе
G25: Осн.З/п | H25: Эк.Маш | I25: З/пМех | L25: Осн.З/п | M25: Эк.Маш | N25: З/пМех
A26: 1 | B26: 2 | C26: 3 | D26: 4 | E26: 5 | F26: 6 | G26: 7 | H26: 8 | I26: 9 | J26: 10 | K26: 11 | L26: 12 | M26: 13 | N26: 14 | O26: 15 | P26: 16 | Q26: 17
A27: Раздел 1. Демонтажные работы
A28: 1 | B28: ТЕРм08-03-573-04 | C28: Демонтаж: шкаф (пульт) управления навесной. КОЭФ. К ПОЗИЦИИ: демонтаж ОЗП=0,3; ЭМ=0,3 к расх.; ЗПМ=0,3; МАТ=0 к расх.; ТЗ=0,3; ТЗМ=0,3 | D28: 1 шт. | E28: 1 | F28: 28.55 | G28: 9.93 | H28: 18.62 | I28: 1.41 | K28: 29 | L28: 10 | M28: 19 | N28: 1 | O28: 0.71 | P28: 0.71
A29: 2 | B29: ТЕРр67-4-5 | C29: Демонтаж светильников для люминесцентных ламп | D29: 100 шт. | E29: 0.2 | F29: 205.2 | G29: 201.98 | H29: 3.22 | I29: 1.25 | K29: 41 | L29: 40 | M29: 1 | O29: 17.89 | P29: 3.58
A30: 3 | B30: ТЕРр67-4-1 | C30: Демонтаж выключателей, розеток | D30: 100 шт. | E30: 0.25 | F30: 64.18 | G30: 64.18 | K30: 16 | L30: 16 | O30: 5.84 | P30: 1.46
A31: 4 | B31: ТЕРр67-3-1 | C31: Демонтаж кабеля | D31: 100 м | E31: 4 | F31: 106.34 | G31: 105.94 | H31: 0.4 | I31: 0.16 | K31: 425 | L31: 424 | M31: 1 | N31: 1 | O31: 9.64 | P31: 38.56
A32: Раздел 2. Монтажные работы
A33: 5 | B33: ТЕРм08-03-599-04 | C33: Щитки осветительные, устанавливаемые в нише распорными дюбелями, масса щитка до 50 кг | D33: 1 шт. | E33: 1 | F33: 181.27 | G33: 88.29 | H33: 25.98 | I33: 1.46 | K33: 181 | L33: 88 | M33: 26 | N33: 1 | O33: 6.32 | P33: 6.32
A34: 6 | B34: Цена поставщика | C34: Бокс ЩРН-П-18 модулей навесной пластик IP54 ИЭК MKP12-N-18-40-10 (Ц:728,78руб:1,18:4,42) | D34: шт. | E34: 1 | F34: 139.73 | K34: 140
A35: 7 | B35: ТЕРм08-03-526-02 | C35: Автомат одно-, двух-, трехполюсный, устанавливаемый в щите, на ток до 100 А | D35: 1 шт. | E35: 2 | F35: 65.11 | G35: 31.09 | H35: 4.53 | I35: 0.18 | K35: 130 | L35: 62 | M35: 9 | O35: 2.32 | P35: 4.64
A36: 8 | B36: ТЕРм08-03-526-01 | C36: Автомат одно-, двух-, трехполюсный, устанавливаемый в щите, на ток до 25 А | D36: 1 шт. | E36: 14 | F36: 40.13 | G36: 20.9 | H36: 1.28 | K36: 562 | L36: 293 | M36: 18 | O36: 1.56 | P36: 21.84
A37: 9 | B37: Цена поставщика | C37: Авт. выкл. ВА47-29 3Р 40А 4,5кА х-ка В ИЭК MVA20-3-040-B (Ц:178,85руб:1,18:4,42) | D37: шт. | E37: 1 | F37: 34.29 | K37: 34
A38: 10 | B38: Цена поставщика | C38: Диф. автомат АД12 2Р 20А 30мА ИЭК MAD10-2-020-C-030 (Ц:479,22руб:1,18:4,42) | D38: шт. | E38: 7 | F38: 91.88 | K38: 643
A39: 11 | B39: Цена поставщика | C39: Авт. выкл. ВА47-29 1Р 16А 4,5кА х-ка В ИЭК MVA20-1-016-B (Ц:54,78руб:1,18:4,42) | D39: шт. | E39: 7 | F39: 10.5 | K39: 74
A40: 12 | B40: Цена поставщика | C40: Авт. выкл. ВА47-29 1Р 32А 4,5кА х-ка В ИЭК MVA20-1-032-B (Ц:59,63руб:1,18:4,19) | D40: шт. | E40: 1 | F40: 12.06 | K40: 12
A41: 13 | B41: ТЕРм08-03-593-12 | C41: Люстры и подвесы с количеством ламп до 12 | D41: 1 шт. | E41: 6 | F41: 213.55 | G41: 32.55 | H41: 89.14 | I41: 32.68 | K41: 1281 | L41: 195 | M41: 535 | N41: 196 | O41: 2.33 | P41: 13.98
A42: 14 | B42: Цена поставщика | C42: Люстра БЭ35 "АФИНА" (Ц:3083руб:1,18:4,42) | D42: шт. | E42: 6 | F42: 591.11 | K42: 3547
A43: 15 | B43: ТЕРм08-03-593-11 | C43: Люстры и подвесы с количеством ламп до 5 | D43: 1 шт. | E43: 5 | F43: 121.27 | G43: 16.9 | H43: 36.84 | I43: 15.65 | K43: 606 | L43: 85 | M43: 184 | N43: 78 | O43: 1.21 | P43: 6.05
A44: 16 | B44: Цена поставщика | C44: Люстра ODEON LIGHT 2060/5 GRAP (Ц:5120руб:1,18:4,42) | D44: шт. | E44: 5 | F44: 981.67 | K44: 4908
A45: 17 | B45: ТЕРм08-03-594-02 | C45: Светильник отдельно устанавливаемый на штырях с количеством ламп в светильнике 2 | D45: 100 шт. | E45: 0.06 | F45: 6855.13 | G45: 1620.52 | H45: 2228.22 | I45: 710.91 | K45: 411 | L45: 97 | M45: 134 | N45: 43 | O45: 116 | P45: 6.96
A46: 18 | B46: Цена поставщика | C46: Светильник DLO 218 85021830 (Ц:1225руб:1,18:4,42) | D46: шт. | E46: 6 | F46: 234.87 | K46: 1409
A47: 19 | B47: ТЕРм08-03-594-01 | C47: Светильник отдельно устанавливаемый на штырях с количеством ламп в светильнике 1 | D47: 100 шт. | E47: 0.02 | F47: 5754.44 | G47: 1229.36 | H47: 1526.51 | I47: 520.21 | K47: 115 | L47: 25 | M47: 31 | N47: 10 | O47: 88 | P47: 1.76
A48: 20 | B48: Цена поставщика | C48: Светильник NBT 11 F115 3201151500 (Ц:1871руб:1,18:4,42) | D48: шт. | E48: 2 | F48: 358.73 | K48: 717
A49: 21 | B49: ТЕРм08-03-593-19 | C49: Светильник в подвесных потолках | D49: 100 шт. | E49: 0.04 | F49: 9513.69 | G49: 1648.46 | H49: 1195.77 | I49: 506.43 | K49: 381 | L49: 66 | M49: 48 | N49: 20 | O49: 118 | P49: 4.72
A50: 22 | B50: Цена поставщика | C50: Светильник для ванной встраиваемый MASSIVE 59910/11/10 (Ц:1717руб:1,18:4,42) | D50: шт. | E50: 4 | F50: 329.21 | K50: 1317
A51: 23 | B51: ТЕРм08-03-593-09 | C51: Светильник местного освещения: бра | D51: 100 шт. | E51: 0.02 | F51: 1987.94 | G51: 1191.64 | H51: 276.39 | I51: 2.91 | K51: 40 | L51: 24 | M51: 6 | O51: 85.3 | P51: 1.71
A52: 24 | B52: Цена поставщика | C52: Бра для ванной Lussole LSL-5401-01-Acqua (Ц:1055руб:1,18:4,42) | D52: шт. | E52: 2 | F52: 202.28 | K52: 405
A53: 25 | B53: ТЕРм08-03-594-02 | C53: Светильник отдельно устанавливаемый на штырях с количеством ламп в светильнике 2 | D53: 100 шт. | E53: 0.06 | F53: 6855.13 | G53: 1620.52 | H53: 2228.22 | I53: 710.91 | K53: 411 | L53: 97 | M53: 134 | N53: 43 | O53: 116 | P53: 6.96
A54: 26 | B54: Цена поставщика | C54: Светильник настенный FROST 218 40721800 (Ц:1683руб:1,18:4,42) | D54: шт. | E54: 6 | F54: 322.69 | K54: 1936
A55: 27 | B55: ТЕРм08-03-593-19 прим. | C55: Подсветка для картин | D55: 100 шт. | E55: 0.04 | F55: 9513.69 | G55: 1648.46 | H55: 1195.77 | I55: 506.43 | K55: 381 | L55: 66 | M55: 48 | N55: 20 | O55: 118 | P55: 4.72
A56: 28 | B56: Цена поставщика | C56: Подсветка для картин Lussole LSQ-0221-02 LIDO (Ц:1406руб:1,18:4,42) | D56: шт. | E56: 4 | F56: 269.58 | K56: 1078
A57: 29 | B57: Цена поставщика | C57: Лампа компактная люминесцентная 11 Вт, Е27 DULUX EL LL 11W/41-827 E27 (Ц:368руб:1,18:4,42) | D57: шт. | E57: 48 | F57: 70.56 | K57: 3387
A58: 30 | B58: Цена поставщика | C58: Лампа компактная люминесцентная 11 Вт, DULUX EL LL 11W/41-827 E14 (Ц:444руб:1,18:4,42) | D58: шт. | E58: 25 | F58: 85.13 | K58: 2128
A59: 31 | B59: Цена поставщика | C59: Лампа компактная люминесцентная 11 Вт, DULUX EL LL 5W/41-827 E14 (Ц:445руб:1,18:4,42) | D59: шт. | E59: 8 | F59: 85.32 | K59: 683
A60: 32 | B60: Цена поставщика | C60: Лампа компактная люминесцентная 18 Вт, _x000D_ PL-C18W Philips (Ц:215руб:1,18:4,42) | D60: шт. | E60: 12 | F60: 41.22 | K60: 495
A61: 33 | B61: Цена поставщика | C61: Лампа компактная люминесцентная 15 Вт, _x000D_ Master PL 15W Philips (Ц:361руб:1,18:4,42) | D61: шт. | E61: 2 | F61: 69.22 | K61: 138
A62: 34 | B62: Цена поставщика | C62: Лампа галогенная рефлекторная 50 Вт, _x000D_ 64824 FL HALOPAR 16 OSPAM (Ц:76руб:1,18:4,42) | D62: шт. | E62: 4 | F62: 14.57 | K62: 58
A63: 35 | B63: Цена поставщика | C63: Лампа галогенная рефлекторная 40 Вт, _x000D_ 66740 HALOPIN OSPAM (Ц:76руб:1,18:4,42) | D63: шт. | E63: 2 | F63: 14.57 | K63: 29
A64: 36 | B64: Цена поставщика | C64: Лампа компактная люминесцентная 18 Вт, _x000D_ PL-L18W Philips (Ц:215руб:1,18:4,42) | D64: шт. | E64: 12 | F64: 41.22 | K64: 495
A65: 37 | B65: ТЕРм08-03-591-02 | C65: Выключатель одноклавишный утопленного типа при скрытой проводке | D65: 100 шт. | E65: 0.21 | F65: 502.57 | G65: 449.83 | H65: 11.69 | I65: 0.73 | K65: 106 | L65: 94 | M65: 2 | O65: 32.2 | P65: 6.76
A66: 38 | B66: Цена поставщика | C66: ВС10-1-0-ФБ Выкл.1кл. (белый) серия Фортуна EVF10-K01-10 (Ц:39,44руб:1,18:4,42) | D66: шт. | E66: 5 | F66: 7.56 | K66: 38
A67: 39 | B67: Цена поставщика | C67: РС10-3-ФБ 16А Розетка одноместная с заземлением (белый) серия Фортуна ERF11-K01-16 (Ц:46,23руб:1,18:4,42) | D67: шт. | E67: 16 | F67: 8.86 | K67: 142
A68: 40 | B68: ТЕРм08-03-591-05 | C68: Выключатель двухклавишный утопленного типа при скрытой проводке | D68: 100 шт. | E68: 0.04 | F68: 511.12 | G68: 458.22 | H68: 11.69 | I68: 0.73 | K68: 20 | L68: 18 | O68: 32.8 | P68: 1.31
A69: 41 | B69: Цена поставщика | C69: ВС10-2-0-ФБ Выкл.1кл. (белый) серия Фортуна EVF20-K01-10 (Ц:46,56руб:1,18:4,42) | D69: шт. | E69: 4 | F69: 8.93 | K69: 36
A70: 42 | B70: Цена поставщика | C70: РГ-1-ФБ Рамка одноместная (белая) серия Фортуна EMF10-K01 (Ц:7,03руб:1,18:4,42) | D70: шт. | E70: 11 | F70: 1.35 | K70: 15
A71: 43 | B71: Цена поставщика | C71: РГ-2-ФБ Рамка двухместная (белая) серия Фортуна EMF20-K01 (Ц:31,05руб:1,18:4,42) | D71: шт. | E71: 4 | F71: 5.95 | K71: 24
A72: 44 | B72: Цена поставщика | C72: РВ-3-ФБ Рамка трехместная вертикальная (белая) серия Фортуна EMF31-K01 (Ц:47,08руб:1,18:4,42) | D72: шт. | E72: 1 | F72: 9.03 | K72: 9
A73: 45 | B73: Цена поставщика | C73: РГ-3-ФБ Рамка трехместная (белая) серия Фортуна EMF30-K01 (Ц:47,08руб:1,18:4,42) | D73: шт. | E73: 1 | F73: 9.03 | K73: 9
A74: 46 | B74: ТЕРм08-03-591-11 | C74: Розетка штепсельная трехполюсная | D74: 100 шт. | E74: 0.01 | F74: 1829.4 | G74: 1025.4 | H74: 35.07 | I74: 2.18 | K74: 18 | L74: 10 | O74: 73.4 | P74: 0.73
A75: 47 | B75: Цена поставщика | C75: Розетка 423 скрытая 2Р+Е 32А 220В IP44 ИЭК PSR41-032-3 (Ц:201,35руб:1,18:4,42) | D75: шт. | E75: 1 | F75: 38.61 | K75: 39
A76: 48 | B76: ТЕРм08-03-545-05 | C76: Монтаж: вилки | D76: 1 шт. | E76: 1 | F76: 137.5 | G76: 31.8 | H76: 2.36 | K76: 138 | L76: 32 | M76: 2 | O76: 2.4 | P76: 2.4
A77: 49 | B77: Цена поставщика | C77: Вилка 023 2Р+РЕ 32А 220В IP44 ИЭК PSR01-032-3 (Ц:117,92руб:1,18:4,42) | D77: шт. | E77: 1 | F77: 22.61 | K77: 23
A78: 50 | B78: ТЕРм08-03-591-08 | C78: Розетка штепсельная неутопленного типа при открытой проводке | D78: 100 шт. | E78: 0.16 | F78: 813.8 | G78: 603.5 | H78: 29.99 | I78: 0.73 | K78: 130 | L78: 97 | M78: 5 | O78: 43.2 | P78: 6.91
A79: 51 | B79: Цена поставщика | C79: РСБ10-3-ЛБ 16А Розетка одноместная с заземлением с крышкой (слоновая кость) серия Лира ERL12-K01-16 (Ц:67,96руб:1,18:4,42) | D79: шт. | E79: 16 | F79: 13.03 | K79: 208
A80: 52 | B80: Цена поставщика | C80: РГ-1-ЛБ Рамка одноместная (белая) серия Лира EML10-K01 (Ц:9,03руб:1,18:4,42) | D80: шт. | E80: 1 | F80: 1.73 | K80: 2
A81: 53 | B81: ТЕРм08-03-591-02 | C81: Выключатель одноклавишный утопленного типа при скрытой проводке | D81: 100 шт. | E81: 0.01 | F81: 502.57 | G81: 449.83 | H81: 11.69 | I81: 0.73 | K81: 5 | L81: 4 | O81: 32.2 | P81: 0.32
A82: 54 | B82: Цена поставщика | C82: ВС20-1-0-ГБ выкл 1кл о/у IP44 (цвет клавиши: белый) ГЕРМЕС (цвет клавиши: белый) EVM10-K01-10-44-EC (Ц:127,48руб:1,18:4,42) | D82: шт. | E82: 1 | F82: 24.44 | K82: 24
A83: 55 | B83: Цена поставщика | C83: Коробка КМ40001 установочная для тв.стен d63x40мм (с саморезами) UKT10-063-040-000 (Ц:5,10руб:1,18:4,42) | D83: шт. | E83: 22 | F83: 0.98 | K83: 22
A84: 56 | B84: Цена поставщика | C84: Коробка КМ41001 распаячная для тв.стен 92x92x45мм (с саморезами, с крышкой) UKT10-092-092-040 (Ц:18,83руб:1,18:4,42) | D84: шт. | E84: 5 | F84: 3.61 | K84: 18
A85: 57 | B85: ТЕРм08-03-602-01 | C85: Электрополотенце | D85: 1 шт. | E85: 1 | F85: 24.58 | G85: 16.76 | H85: 3.67 | I85: 0.18 | K85: 25 | L85: 17 | M85: 4 | O85: 1.2 | P85: 1.2
A86: 58 | B86: Цена поставщика | C86: Сушилка для рук Ballu GSX-1800 (Ц:5090руб:1,18:4,42) | D86: шт. | E86: 1 | F86: 975.92 | K86: 976
A87: 59 | B87: ТЕРм08-02-409-04 | C87: Труба винипластовая по установленным конструкциям, по потолкам, диаметр до 50 мм | D87: 100 м | E87: 2.7 | F87: 2409.01 | G87: 361.73 | H87: 530.78 | I87: 185.61 | K87: 6504 | L87: 977 | M87: 1433 | N87: 501 | O87: 27.3 | P87: 73.71
A88: 60 | B88: Цена поставщика | C88: Труба гофр.ПВХ d 20 с зондом (100 м) ИЭК CTG20-20-K41-100I (Ц:6,41руб:1,18:4,42) | D88: м | E88: 270 | F88: 1.23 | K88: 332
A89: 61 | B89: Цена поставщика | C89: Муфта труба-коробка IP65 BS20 ИЭК CTA10D-BS20-K41-050 (Ц:40,10руб:1,18:4,42) | D89: шт | E89: 180 | F89: 18.4 | K89: 3312
A90: 62 | B90: ТЕРм08-02-396-05 прим. | C90: Монтаж: кабель канал по стенам, длина 2 м | D90: 100 м | E90: 0.05 | F90: 1840.21 | G90: 498.2 | H90: 788.16 | I90: 202.95 | K90: 92 | L90: 25 | M90: 39 | N90: 10 | O90: 37.6 | P90: 1.88
A91: 63 | B91: Цена поставщика | C91: Кабель-канал 60х40 "ЭЛЕКОР" CKK10-060-040-1-K01-018 (Ц:88,26руб:1,18:4,42) | D91: м | E91: 5 | F91: 16.92 | K91: 85
A92: 64 | B92: Цена поставщика | C92: Заглушка КМЗ 60х40 "ЭЛЕКОР" CKK10D-Z-060-040-K01 (Ц:37,93руб:1,18:4,42) | D92: шт | E92: 2 | F92: 7.27 | K92: 15
A93: 65 | B93: Цена поставщика | C93: Соединитель на стык КМС 60х40 "ЭЛЕКОР" CKK10D-S-060-040-K01 (Ц:37,93руб:1,18:4,42) | D93: шт | E93: 2 | F93: 7.27 | K93: 15
A94: 66 | B94: ТЕРм08-02-413-02 | C94: Провод, количество проводов в резинобитумной трубке до 2, сечение провода до 16 мм2 | D94: 100 м | E94: 2.7 | F94: 1636.65 | G94: 372.33 | H94: 96.44 | I94: 6.01 | K94: 4419 | L94: 1005 | M94: 260 | N94: 16 | O94: 28.1 | P94: 75.87
A95: 67 | B95: ТЕРм08-02-403-03 | C95: Провод групповой осветительных сетей в защитной оболочке или кабель двух-трехжильный под штукатурку по стенам или в бороздах | D95: 100 м | E95: 1.28 | F95: 3994.97 | G95: 490.25 | H95: 186.32 | I95: 81.9 | K95: 5114 | L95: 628 | M95: 238 | N95: 105 | O95: 37 | P95: 47.36
A96: 68 | B96: ТЕРм08-02-402-01 | C96: Кабель двух-четырехжильный по установленным конструкциям и лоткам с установкой ответвительных коробок в помещениях с нормальной средой сечением жилы до 10 мм2 | D96: 100 м | E96: 0.42 | F96: 1131.61 | G96: 202.73 | H96: 704.04 | I96: 87.33 | K96: 475 | L96: 85 | M96: 296 | N96: 37 | O96: 15.3 | P96: 6.43
A97: 69 | B97: ТСЦ-501-8190 | C97: Кабель силовой с медными жилами с поливинилхлоридной изоляцией в поливинилхлоридной оболочке без защитного покрова ВВГ, напряжением 0,66 Кв, число жил 3 и сечением 1,5 мм2 | D97: 1000 м | E97: 0.2244 | F97: 6962.8 | K97: 1562
A98: 70 | B98: ТСЦ-501-8191 | C98: Кабель силовой с медными жилами с поливинилхлоридной изоляцией в поливинилхлоридной оболочке без защитного покрова ВВГ, напряжением 0,66 Кв, число жил 3 и сечением 2,5 мм2 | D98: 1000 м | E98: 0.2142 | F98: 10382 | K98: 2224
A99: 71 | B99: ТСЦ-501-8194 | C99: Кабель силовой с медными жилами с поливинилхлоридной изоляцией в поливинилхлоридной оболочке без защитного покрова ВВГ, напряжением 0,66 Кв, число жил 3 и сечением 4,0 мм2 | D99: 1000 м | E99: 0.0102 | F99: 15161 | K99: 155
A100: 72 | B100: ТЕР46-03-011-01 | C100: Пробивка в кирпичных стенах борозд площадью сечения до 20 см2 | D100: 100 м борозд | E100: 1.28 | F100: 887.14 | G100: 202.38 | H100: 684.76 | I100: 63.42 | K100: 1136 | L100: 259 | M100: 877 | N100: 81 | O100: 15.64 | P100: 20.02
A101: 73 | B101: ТЕР46-03-009-01 | C101: Пробивка в кирпичных стенах гнезд размером до 130х130 мм | D101: 100 шт. | E101: 0.43 | F101: 2386.22 | G101: 468.56 | H101: 1917.66 | I101: 177.6 | K101: 1026 | L101: 201 | M101: 825 | N101: 76 | O101: 36.21 | P101: 15.57
A102: 74 | B102: ТЕРм08-03-526-02 | C102: Автомат одно-, двух-, трехполюсный, устанавливаемый на конструкции на стене или колонне, на ток до 100 А | D102: 1 шт. | E102: 1 | F102: 215.9 | G102: 31.09 | H102: 4.53 | I102: 0.18 | K102: 216 | L102: 31 | M102: 5 | O102: 2.32 | P102: 2.32
A103: 75 | B103: ТСЦ-509-0301 | C103: Выключатели автоматические АЕ2056-50-00 У3 I-50А | D103: шт. | E103: 1 | F103: 143.39 | K103: 143
...

Sheet 24446
A1: СОГЛАСОВАНО: | E1: ФГУП "Комбинат "Электрохимприбор" | M1: УТВЕРЖДАЮ:
G2: (наименование стройки) | M2: Зам. генерального директора
A3: _____________________________ | M3: Е.В.Гордеев
A4: " _____ " ________________ 2012г. | G4: ЛОКАЛЬНЫЙ СМЕТНЫЙ РАСЧЕТ № 24446
G5: (локальная смета) | M5: "______ " __________2012 г.
C7: на | D7: Реконструкцию. Столовая 11 Отопление и вентиляция.
H8: (наименование работ и затрат, наименование объекта)
D10: Основание: 24326-12-ОВ | N10: Справочно, в тыс.руб. :
D11: Сметная стоимость строительных работ _______________________________________________________________________________________________ | J11: ___________________________20,905 | L11: тыс. руб. | N11: с К=4,42 | P11: =20.905*4.42 -> 92.4001
D12: Средства на оплату труда _______________________________________________________________________________________________ | J12: ___________________________1,927 | L12: тыс. руб. | N12: с К=4,42 | P12: =1.927*4.42 -> 8.51734
D13: Сметная трудоемкость _______________________________________________________________________________________________ | J13: _______________________________________________________________________________________________139,56 | L13: чел.час
D14: Материалы ___________________________________________________________ | J14: =J62/1000 -> 15.117 | L14: тыс.руб. | N14: с К=4,42 | P14: =15.117*4.42 -> 66.81714
D15: Составлен(а) в базовых ценах 2001г. в редакции 2009г.
A18: № пп | B18: Обоснование | C18: Наименование | D18: Ед. изм. | E18: Кол. | F18: Стоимость единицы, руб. | J18: Общая стоимость, руб. | N18: Т/з осн. раб.на ед. | O18: Т/з осн. раб. Всего | P18: Т/з мех. на ед. | Q18: Т/з мех. Всего
F19: Всего | G19: В том числе | J19: Всего | K19: В том числе
G20: Осн.З/п | H20: Эк.Маш | I20: З/пМех | K20: Осн.З/п | L20: Эк.Маш | M20: З/пМех
A21: 1 | B21: 2 | C21: 3 | D21: 4 | E21: 5 | F21: 6 | G21: 7 | H21: 8 | I21: 9 | J21: 10 | K21: 11 | L21: 12 | M21: 13 | N21: 14 | O21: 15 | P21: 16 | Q21: 17
A22: Раздел 1. Разборка.
A23: 1 | B23: ТЕРр65-19-1 | C23: Демонтаж радиаторов весом до 80 кг | D23: 100 шт. | E23: 0.03 | F23: 1310.17 | G23: 1219.9 | H23: 90.27 | I23: 34.99 | J23: 39 | K23: 37 | L23: 2 | M23: 1 | N23: 110 | O23: 3.3 | P23: 2.24 | Q23: 0.07
A24: 2 | B24: ТЕРр65-19-5 | C24: Демонтаж конвекторов | D24: 100 экм | E24: 0.14 | F24: 211.01 | G24: 202.95 | H24: 8.06 | I24: 3.12 | J24: 30 | K24: 29 | L24: 1 | N24: 18.3 | O24: 2.56 | P24: 0.2 | Q24: 0.03
A25: 3 | B25: ТЕРр65-1-1 | C25: Разборка трубопроводов из водогазопроводных труб диаметром до 32 мм | D25: 100 м | E25: 0.4 | F25: 483.12 | G25: 405.87 | H25: 8.12 | I25: 1.56 | J25: 193 | K25: 162 | L25: 3 | M25: 1 | N25: 34.66 | O25: 13.86 | P25: 0.1 | Q25: 0.04
A26: Раздел 2. Отопление.
A27: 4 | B27: ТЕР16-02-002-03 прим. | C27: Прокладка трубопроводов из стальных водогазопроводных оцинкованных труб диаметром 25 мм | D27: 100 м | E27: 0.1 | F27: 6208.42 | G27: 502.3 | H27: 79.16 | I27: 2.73 | J27: 621 | K27: 50 | L27: 8 | N27: 37.07 | O27: 3.71 | P27: 0.15 | Q27: 0.02
A28: 5 | B28: ТЕР16-02-002-02 прим. | C28: Прокладка трубопроводов из стальных водогазопроводных оцинкованных труб диаметром 20 мм | D28: 100 м | E28: 0.3 | F28: 5654.2 | G28: 502.3 | H28: 79.16 | I28: 2.73 | J28: 1696 | K28: 151 | L28: 24 | M28: 1 | N28: 37.07 | O28: 11.12 | P28: 0.15 | Q28: 0.05
A29: 6 | B29: ТСЦ-302-1832 | C29: Кран шаровой муфтовый 11Б27П1, диаметром 20 мм | D29: шт. | E29: 10 | F29: 39.32 | J29: 393
A30: 7 | B30: ТСЦ-302-1831 | C30: Кран шаровой муфтовый 11Б27П1, диаметром 15 мм | D30: шт. | E30: 1 | F30: 25.14 | J30: 25
A31: 8 | B31: ТСЦ-301-1224 | C31: Крепления для трубопроводов: кронштейны, планки, хомуты | D31: кг | E31: 8 | F31: 17.02 | J31: 136
A32: 9 | B32: ТЕР18-03-001-03 | C32: Установка конвекторов | D32: 100 кВт | E32: 0.285 | F32: 1509.46 | G32: 1219.68 | H32: 242.21 | I32: 16.79 | J32: 430 | K32: 348 | L32: 69 | M32: 5 | N32: 96.57 | O32: 27.52 | P32: 1.06 | Q32: 0.3
A33: Уд | B33: 1. 301-0420 | C33: Конвекторы отопительные типа АККОРД с креплениями без кожуха | D33: кВт | E33: 100 28,5 | F33: 168.87 | J33: 4812.8
A34: 10 | B34: ТСЦ-301-0425 прим. | C34: Конвекторы отопительные | D34: кВт | E34: 28.5 | F34: 355.64 | J34: 10136
A35: 11 | B35: ТЕР18-03-001-02 | C35: Установка радиаторов | D35: 100 кВт | E35: 0.01 | F35: 2426.28 | G35: 828.53 | H35: 270.15 | I35: 20.22 | J35: 24 | K35: 8 | L35: 3 | N35: 65.6 | O35: 0.66 | P35: 1.28 | Q35: 0.01
A36: Уд | B36: 1. 301-0559 | C36: Радиаторы стальные панельные РСВ2-1, РСВ2-6 однорядные | D36: кВт | E36: 100 1 | F36: 179.38 | J36: 179.38
A37: 12 | B37: ТСЦ-301-1013 прим. | C37: Радиаторы биметаллические, количество секций 6 | D37: шт. | E37: 1 | F37: 1178.24 | J37: 1178
A38: 13 | B38: ТЕР16-07-003-01 | C38: Врезка в действующие внутренние сети трубопроводов отопления и водоснабжения диаметром 15 мм | D38: 1 врезка | E38: 2 | F38: 104.6 | G38: 62.31 | H38: 5.56 | J38: 209 | K38: 125 | L38: 11 | N38: 4.46 | O38: 8.92
A39: 14 | B39: ТЕР16-07-003-03 | C39: Врезка в действующие внутренние сети трубопроводов отопления и водоснабжения диаметром 25 мм | D39: 1 врезка | E39: 6 | F39: 127.66 | G39: 62.31 | H39: 5.56 | J39: 766 | K39: 374 | L39: 33 | N39: 4.46 | O39: 26.76
A40: 15 | B40: ТЕР16-07-005-01 | C40: Гидравлическое испытание трубопроводов систем отопления, водопровода и горячего водоснабжения диаметром до 50 мм | D40: 100 м | E40: 0.4 | F40: 104.4 | G40: 82.16 | H40: 15.29 | J40: 42 | K40: 33 | L40: 6 | N40: 5.01 | O40: 2
A41: 16 | B41: ТЕР13-03-002-04 | C41: Огрунтовка металлических поверхностей за один раз грунтовкой ГФ-021 | D41: 100 м2 | E41: 0.03 | F41: 417.46 | G41: 79.65 | H41: 10.15 | I41: 0.16 | J41: 13 | K41: 2 | N41: 5.31 | O41: 0.16 | P41: 0.01
A42: 17 | B42: ТЕР15-04-030-04 | C42: Масляная окраска металлических труб диаметром менее 50 мм и т.п., количество окрасок 2 | D42: 100 м2 | E42: 0.03 | F42: 1384.09 | G42: 886.83 | H42: 3.68 | I42: 0.16 | J42: 42 | K42: 27 | N42: 71.06 | O42: 2.13 | P42: 0.01
A43: Раздел 3. Вентиляция.
A44: 18 | B44: ТЕР20-01-001-01 прим. | C44: Прокладка воздуховодов из алюминия диаметром до 200 мм | D44: 100 м2 | E44: 0.023 | F44: 2810.67 | G44: 2068.04 | H44: 170.31 | I44: 9.46 | J44: 65 | K44: 48 | L44: 4 | N44: 167.86 | O44: 3.86 | P44: 0.52 | Q44: 0.01
A45: 19 | B45: ТСЦ-301-0159 прим. | C45: Воздуховоды алюминиевые гибкие гофрированные , диаметром до 200 мм | D45: м2 | E45: 2.3 | F45: 262.1 | J45: 603
A46: 20 | B46: ТСЦ-301-0475 | C46: Крепления для воздуховодов подвески СТД6208, СТД6209, СТД6210 | D46: т | E46: 0.0039 | F46: 8739.36 | J46: 34
A47: Итого прямые затраты по смете в ценах 2001г. | J47: 16675 | K47: 1394 | L47: 164 | M47: 8 | O47: 106.56 | Q47: 0.53
A48: Итого прямые затраты по смете с учетом коэффициентов к итогам | J48: 17276 | K48: 1915 | L48: 244 | M48: 12 | O48: 139.56 | Q48: 0.73
A49: В том числе, справочно:
A50: Районный к-т 4,3% (Поз. 1-15, 18-20, 17) | J50: 60 | K50: 60
A51: При ремонте и реконструкции зданий и сооружений работы, аналогичные технологическим процессам в новом строительстве ОЗП=1,15; ЭМ=1,25; ЗПМ=1,25; ТЗ=1,15; ТЗМ=1,25 (Поз. 4-15, 18-20, 17) | J51: 222 | K51: 182 | L51: 40 | M51: 2 | O51: 13.002 | Q51: 0.0975
A52: Условия производства работ ОЗП=1,2; ЭМ=1,2; ЗПМ=1,2; ТЗ=1,2; ТЗМ=1,2 (Поз. 4-15, 18-20, 17) | J52: 319 | K52: 279 | L52: 40 | M52: 2 | O52: 19.936 | Q52: 0.098
A53: Накладные расходы | J53: 2328
A54: Сметная прибыль | J54: 1301
A55: Итоги по смете:
A56: Внутренние санитарно-технические работы: демонтаж и разборка (ремонтно-строительные) | J56: 570 | O56: 19.72 | Q56: 0.14
A57: Сантехнические работы - внутренние (трубопроводы, водопровод, канализация, отопление, газоснабжение, вентиляция и кондиционирование воздуха) | J57: 20208 | O57: 116.68 | Q57: 0.59
A58: Защита строительных конструкций и оборудования от коррозии | J58: 16 | O58: 0.22
A59: Отделочные работы | J59: 111 | O59: 2.94
A60: Итого | J60: 20905 | O60: 139.56 | Q60: 0.73
A61: В том числе:
A62: Материалы | J62: 15117
A63: Машины и механизмы | J63: =244-12 -> 232
A64: ФОТ | J64: 1927
A65: Накладные расходы | J65: 2328
A66: Сметная прибыль | J66: 1301
A67: ВСЕГО по смете | J67: 20905 | O67: 139.56 | Q67: 0.73
B69: Примечание: материал от разборки, пригодный для дальнейшего использования, передается балансодержателю по акту.
B72: Составил _________________ | I72: Проверил _______________

Sheet 24449
A1: СОГЛАСОВАНО: | E1: ФГУП "Комбинат "Электрохимприбор" | M1: УТВЕРЖДАЮ:
G2: (наименование стройки) | M2: Зам. генерального директора
A3: _____________________________ | M3: Е.В.Гордеев
A4: " _____ " ________________ 2012г. | G4: ЛОКАЛЬНЫЙ СМЕТНЫЙ РАСЧЕТ № 24449
G5: (локальная смета) | M5: "______ " __________2012 г.
C7: на | D7: Реконструкцию. Здание 429 Столовая 11 Обеденный зал. Водопровод, канализация.
H8: (наименование работ и затрат, наименование объекта)
D10: Основание: № 24289-12-ВК | N10: Справочно, в тыс.руб. :
D11: Сметная стоимость строительных работ _______________________________________________________________________________________________ | J11: ___________________________14,553 | L11: тыс. руб. | N11: с К=4,42 | P11: =14.553*4.42 -> 64.32426
D12: Средства на оплату труда _______________________________________________________________________________________________ | J12: ___________________________1,267 | L12: тыс. руб. | N12: с К=4,42 | P12: =1.267*4.42 -> 5.60014
D13: Сметная трудоемкость _______________________________________________________________________________________________ | J13: _______________________________________________________________________________________________92,37 | L13: чел.час
D14: Материалы ___________________________________________________________ | J14: =J65/1000 -> 10.761 | L14: тыс.руб. | N14: с К=4,42 | P14: =10.761*4.42 -> 47.56362
D15: Составлен(а) в базовых ценах 2001г. в редакции 2009г.
A18: № пп | B18: Обоснование | C18: Наименование | D18: Ед. изм. | E18: Кол. | F18: Стоимость единицы, руб. | J18: Общая стоимость, руб. | N18: Т/з осн. раб.на ед. | O18: Т/з осн. раб. Всего | P18: Т/з мех. на ед. | Q18: Т/з мех. Всего
F19: Всего | G19: В том числе | J19: Всего | K19: В том числе
G20: Осн.З/п | H20: Эк.Маш | I20: З/пМех | K20: Осн.З/п | L20: Эк.Маш | M20: З/пМех
A21: 1 | B21: 2 | C21: 3 | D21: 4 | E21: 5 | F21: 6 | G21: 7 | H21: 8 | I21: 9 | J21: 10 | K21: 11 | L21: 12 | M21: 13 | N21: 14 | O21: 15 | P21: 16 | Q21: 17
A22: Раздел 1. Разборка.
A23: 1 | B23: ТЕРр65-1-1 | C23: Разборка трубопроводов из водогазопроводных труб диаметром до 32 мм | D23: 100 м | E23: 0.1 | F23: 483.12 | G23: 405.87 | H23: 8.12 | I23: 1.56 | J23: 48 | K23: 41 | L23: 1 | N23: 34.66 | O23: 3.47 | P23: 0.1 | Q23: 0.01
A24: Раздел 2. Водопровод.
A25: 2 | B25: ТЕР16-02-002-01 | C25: Прокладка трубопроводов водоснабжения из стальных водогазопроводных оцинкованных труб диаметром 15 мм | D25: 100 м | E25: 0.03 | F25: 5020.27 | G25: 502.3 | H25: 79.16 | I25: 2.73 | J25: 151 | K25: 15 | L25: 2 | N25: 37.07 | O25: 1.11 | P25: 0.15
A26: 3 | B26: ТЕР16-03-002-01 | C26: Прокладка трубопроводов водоснабжения из многослойных металл-полимерных труб диаметром 15 мм | D26: 100 м | E26: 0.11 | F26: 6136.29 | G26: 1541.12 | H26: 66.7 | I26: 1.27 | J26: 675 | K26: 170 | L26: 7 | N26: 112 | O26: 12.32 | P26: 0.07 | Q26: 0.01
A27: 4 | B27: ТСЦ-301-1224 | C27: Крепления для трубопроводов: кронштейны, планки, хомуты | D27: кг | E27: 2.8 | F27: 17.02 | J27: 48
A28: 5 | B28: ТСЦ-302-1831 | C28: Кран шаровой муфтовый 11Б27П1, диаметром 15 мм | D28: шт. | E28: 5 | F28: 25.14 | J28: 126
A29: 6 | B29: ТСЦ-302-1484 | C29: Кран шаровой В-В размером 3/4" | D29: шт. | E29: 1 | F29: 84.98 | J29: 85
A30: 7 | B30: ТЕРр65-6-10 прим. | C30: Установка гибких подводок | D30: 100 приборов | E30: 0.07 | F30: 4008.14 | G30: 669.67 | H30: 7.47 | I30: 0.78 | J30: 281 | K30: 47 | L30: 1 | N30: 52.4 | O30: 3.67 | P30: 0.05
A31: 8 | B31: ТЕР16-07-003-01 | C31: Врезка в действующие внутренние сети трубопроводов отопления и водоснабжения диаметром 15 мм | D31: 1 врезка | E31: 4 | F31: 104.6 | G31: 62.31 | H31: 5.56 | J31: 418 | K31: 249 | L31: 22 | N31: 4.46 | O31: 17.84
A32: 9 | B32: ТЕР16-07-005-01 | C32: Гидравлическое испытание трубопроводов систем отопления, водопровода и горячего водоснабжения диаметром до 50 мм | D32: 100 м | E32: 0.14 | F32: 104.4 | G32: 82.16 | H32: 15.29 | J32: 15 | K32: 12 | L32: 2 | N32: 5.01 | O32: 0.7
A33: Раздел 3. Канализация.
A34: 10 | B34: ТЕР16-04-001-01 | C34: Прокладка трубопроводов канализации из полиэтиленовых труб высокой плотности диаметром 50 мм | D34: 100 м | E34: 0.03 | F34: 5197.98 | G34: 897.43 | H34: 15.84 | I34: 0.36 | J34: 156 | K34: 27 | N34: 64.24 | O34: 1.93 | P34: 0.02
A35: 11 | B35: ТСЦ-301-1097 | C35: Хомуты для крепления канализационных и водосточных пластмассовых трубопроводов, диаметром 50 мм | D35: т | E35: 0.00112 | F35: 29302 | J35: 33
A36: 12 | B36: ТЕРр65-4-7 прим. | C36: Установка сифонов КОЭФ. К ПОЗИЦИИ: ОЗП=0,8; | D36: 100 приборов | E36: 0.02 | F36: 566.98 | G36: 566.01 | H36: 0.97 | I36: 0.38 | J36: 11 | K36: 11 | N36: 47.13 | O36: 0.94 | P36: 0.02
A37: 13 | B37: ТСЦ-115-0802 прим. | C37: Сифон для душевых поддонов | D37: т | E37: 0.00013 | F37: 3864 | J37: 1
A38: 14 | B38: ТЕР17-01-003-01 прим. | C38: Установка унитазов навесных с бачком | D38: 10 компл. | E38: 0.1 | F38: 648.15 | G38: 330.18 | H38: 56.04 | I38: 5 | J38: 65 | K38: 33 | L38: 6 | M38: 1 | N38: 24.64 | O38: 2.46 | P38: 0.32 | Q38: 0.03
A39: Уд | B39: 1. 301-1521 | C39: Унитаз-компакт «Комфорт» | D39: компл. | E39: 10 1 | F39: 499.09 | J39: 499.09
A40: 15 | B40: Цена поставщика. | C40: Унитаз навесной GROHE. (Цена: 5000,00:1,18:4,42*1,02=977,83) | D40: шт | E40: 1 | F40: 977.83 | J40: 978
A41: 16 | B41: Цена поставщика. | C41: Инстоляция для унитаза в сборе ,с кнопкой, крепежом, шумоизоляцией, с бачком GROHE. (Цена: 7500,00:1,18:4,42*1,02=1466,75) | D41: компл. | E41: 1 | F41: 1466.75 | J41: 1467
A42: 17 | B42: ТЕР17-01-001-14 | C42: Установка умывальников одиночных с подводкой холодной и горячей воды | D42: 10 компл. | E42: 0.1 | F42: 407.19 | G42: 293.36 | H42: 29.83 | I42: 2.03 | J42: 41 | K42: 29 | L42: 3 | N42: 21.65 | O42: 2.17 | P42: 0.13 | Q42: 0.01
A43: 18 | B43: ТСЦ-301-0670 прим. | C43: Раковина керамическая с смесителем с нижней камерой смешивания, кронштейнами, сифоном бутылочным латунным и выпуском, прямоугольные со скрытыми установочными поверхностями | D43: компл. | E43: 1 | F43: 290.36 | J43: 290
A44: 19 | B44: Цена поставщика | C44: Смеситель бесконтактный (на фотоэлементах) 220В. (Цена:13400,00:1,18:4,42*1,02=2620,60) | D44: компл. | E44: 1 | F44: 2620.6 | J44: 2621
A45: 20 | B45: ТЕР17-01-002-03 | C45: Установка смесителей | D45: 10 шт. | E45: 0.2 | F45: 1246.07 | G45: 94.85 | H45: 0.29 | J45: 249 | K45: 19 | N45: 7 | O45: 1.4
A46: 21 | B46: ТСЦ-301-0627 прим. | C46: Смесители для умывальников | D46: компл. | E46: 1 | F46: 338.35 | J46: 338
A47: 22 | B47: Цена поставщика. | C47: Кассета полотенцедержатель для отдельных полотенец (Цена: 3300,00:1,18:4,42*1,02=645,37) | D47: шт | E47: 1 | F47: 645.37 | J47: 645
A48: 23 | B48: Цена поставщика. | C48: Полотенца на 3 заправки (Цена:110,00:1,18:4,42*1,02=21,51) | D48: шт | E48: 3 | F48: 21.51 | J48: 65
A49: 24 | B49: Цена поставщика. | C49: Корзина металлическая с педалью 5 л (Цена: 1900,00: 1,18:4,42*1,02=371,58) | D49: шт | E49: 1 | F49: 371.58 | J49: 372
A50: 25 | B50: Цена поставщика. | C50: Корзина металлическая с педалью 12 л (Цена: 3100,00: 1,18:4,42*1,02=606,26) | D50: шт | E50: 1 | F50: 606.26 | J50: 606
A51: 26 | B51: Цена поставщика. | C51: Пепельница напольная металлическая самогасящаяся офисная. (Цена: 3800,00: 1,18:4,42*1,02=743,16) | D51: шт | E51: 1 | F51: 743.16 | J51: 743
A52: 27 | B52: Цена поставщика. | C52: Кассета выдачи одноразовых чехлов для стульчака унитаза + комплект чехлов на 3 заправки (Цена: 4000,00: 1,18:4,42*1,02=782,27) | D52: шт | E52: 1 | F52: 782.27 | J52: 782
A53: 28 | B53: ТЕР16-07-004-01 | C53: Врезка в действующие внутренние сети трубопроводов канализации диаметром 50 мм | D53: 1 врезка | E53: 3 | F53: 135.06 | G53: 84.67 | H53: 1.09 | J53: 405 | K53: 254 | L53: 3 | N53: 7.05 | O53: 21.15
A54: Итого прямые затраты по смете в ценах 2001г. | J54: 11715 | K54: 907 | L54: 47 | M54: 1 | O54: 69.16 | Q54: 0.06
A55: Итого прямые затраты по смете с учетом коэффициентов к итогам | J55: 12096 | K55: 1266 | L55: 69 | M55: 1 | O55: 92.37 | Q55: 0.08
A56: В том числе, справочно:
A57: Районный к-т 4,3% (Поз. 1, 12, 2-6, 8-11, 14-18, 20, 28, 7) | J57: 39 | K57: 39
A58: При ремонте и реконструкции зданий и сооружений работы, аналогичные технологическим процессам в новом строительстве ОЗП=1,15; ЭМ=1,25; ЗПМ=1,25; ТЗ=1,15; ТЗМ=1,25 (Поз. 2-6, 8-11, 14-18, 20, 28) | J58: 137 | K58: 126 | L58: 11 | O58: 9.162 | Q58: 0.0125
A59: Условия производства работ ОЗП=1,2; ЭМ=1,2; ЗПМ=1,2; ТЗ=1,2; ТЗМ=1,2 (Поз. 2-6, 8-11, 14-18, 20, 28) | J59: 205 | K59: 194 | L59: 11 | O59: 14.048 | Q59: 0.012
A60: Накладные расходы | J60: 1580
A61: Сметная прибыль | J61: 877
A62: Итоги по смете:
A63: Итого | J63: 14553 | O63: 92.37 | Q63: 0.08
A64: В том числе:
A65: Материалы | J65: 10761
A66: Машины и механизмы | J66: =69-1 -> 68
A67: ФОТ | J67: 1267
A68: Накладные расходы | J68: 1580
A69: Сметная прибыль | J69: 877
A70: ВСЕГО по смете | J70: 14553 | O70: 92.37 | Q70: 0.08
B72: Примечание: материал от разборки, пригодный для дальнейшего использования, передается балансодержателю по акту.
B75: Составил _________________ | I75: Проверил _______________

Sheet НМЦ
A3: Расчет начальной (максимальной) цены
A5: Выполнение строительно-монтажных работ по реконструкции обеденного зала столовой №11
A8: № п/п | B8: Номера сметных расчетов и смет | C8: Наименование работ и затрат | D8: Сметная стоимость, руб. | G8: Сметная стоимость, руб.
D9: СМР | E9: Оборудование | F9: Прочие затраты
A10: 1 | B10: 2 | C10: 3 | D10: 4 | E10: 5 | F10: 6 | G10: 7
A11: 1 | B11: 24429 | C11: Реконструкция | D11: ='24429'!J196 -> 292519 | E11: 0 | F11: 0 | G11: =SUM(D11:F11) -> 292519
A12: 2 | B12: 24443 | C12: Электроснабжение обеденного зала для VIP гостей. | D12: ='24443'!K126+'24443'!K127 -> 76312 | E12: ='24443'!K128 -> 8924 | F12: 0 | G12: =SUM(D12:F12) -> 85236
A13: 3 | B13: 24446 | C13: Отопление и вентиляция | D13: ='24446'!J67 -> 20905 | E13: 0 | F13: 0 | G13: =SUM(D13:F13) -> 20905
A14: 4 | B14: 24449 | C14: Водопровод, канализация | D14: ='24449'!J70 -> 14553 | E14: 0 | F14: 0 | G14: =SUM(D14:F14) -> 14553
C15: Итого | D15: =SUM(D11:D14) -> 404289 | E15: =SUM(E11:E14) -> 8924 | F15: =SUM(F11:F14) -> 0 | G15: =SUM(D15:F15) -> 413213
C16: Итого в ценах 2012 (Ксмр =4,42; Коборуд=4,19) | D16: =ROUND(D15*4.42,0) -> 1786957 | E16: =ROUND(E15*4.19,0) -> 37392 | F16: =ROUND(F15*4.19,0) -> 0 | G16: =SUM(D16:F16) -> 1824349
C17: НДС 18% | D17: =ROUND(D16*18%,2) -> 321652.26 | E17: =ROUND(E16*18%,2) -> 6730.56 | F17: =ROUND(F16*18%,2) -> 0 | G17: =SUM(D17:F17) -> 328382.82
C18: Всего в ценах 2012 с НДС | D18: =D16+D17 -> 2108609.3 | E18: =E16+E17 -> 44122.56 | F18: =F16+F17 -> 0 | G18: =SUM(D18:F18) -> 2152731.8
A21: Начальник отдела капитального строительства | F21: Л.В. Грибанова
A23: Инженер по проектно-сметной работе | F23: Т.Ш. Ковязина

Sheet Сводка
J1: Приложение №__ к договору от "___"_______ №___
A3: СВОДКА ЗАТРАТ
A5: Выполнение строительно-монтажных работ по реконструкции обеденного зала столовой №11
A7: № п/п | B7: № локальных сметных расчетов | C7: Наименование | D7: Стоимость в базисных ценах 2001 года | E7: в том числе: | G7: Стоимость в текущих ценах без учета НДС | H7: в том числе: | J7: Стоимость в текущих ценах с учетом НДС
E8: СМР | F8: Оборудование | H8: СМР | I8: Оборудование
A9: 1 | B9: 24429 | C9: Реконструкция | D9: =SUM(E9:F9) -> 292519 | E9: ='24429'!J196 -> 292519 | F9: 0 | G9: =SUM(H9:I9) -> 1292934 | H9: =ROUND(E9*4.42,0) -> 1292934 | I9: =ROUND(F9*4.19,0) -> 0 | J9: =ROUND(G9*1.18,2) -> 1525662.1
A10: 2 | B10: 24443 | C10: Электроснабжение обеденного зала для VIP гостей. | D10: =SUM(E10:F10) -> 85236 | E10: ='24443'!K126+'24443'!K127 -> 76312 | F10: ='24443'!K128 -> 8924 | G10: =SUM(H10:I10) -> 374691 | H10: =ROUND(E10*4.42,0) -> 337299 | I10: =ROUND(F10*4.19,0) -> 37392 | J10: =ROUND(G10*1.18,2) -> 442135.38
A11: 3 | B11: 24446 | C11: Отопление и вентиляция | D11: =SUM(E11:F11) -> 20905 | E11: ='24446'!J67 -> 20905 | F11: 0 | G11: =SUM(H11:I11) -> 92400 | H11: =ROUND(E11*4.42,0) -> 92400 | J11: =ROUND(G11*1.18,2) -> 109032
A12: 4 | B12: 24449 | C12: Водопровод, канализация | D12: =SUM(E12:F12) -> 14553 | E12: ='24449'!J70 -> 14553 | F12: 0 | G12: =SUM(H12:I12) -> 64324 | H12: =ROUND(E12*4.42,0) -> 64324 | I12: =ROUND(F12*4.19,0) -> 0 | J12: =ROUND(G12*1.18,2) -> 75902.32
C13: Итого: | D13: =SUM(D9:D12) -> 413213 | E13: =SUM(E9:E12) -> 404289 | F13: =SUM(F9:F12) -> 8924 | G13: =SUM(G9:G12) -> 1824349 | H13: =SUM(H9:H12) -> 1786957 | I13: =SUM(I9:I12) -> 37392 | J13: =SUM(J9:J12) -> 2152731.8
C16: Заказчик | F16: Подрядчик
